 Dungeon Crawl Stone Soup version 0.32-a0-898-g7811c86cf0 (webtiles) character file.

Game seed: 15089127791493735415

2738 Griffin23 the Carver (level 9, -1/82 HPs)
             Began as a Minotaur Fighter on Apr 4, 2024.
             Was a Priest of Okawaru.
             Slain by a yak (7 damage)
             ... on level 8 of the Dungeon.
             The game lasted 00:07:15 (7322 turns).

Griffin23 the Carver (Minotaur Fighter)             Turns: 7322, Time: 00:07:17

Health: -1/82      AC: 12    Str: 24    XL:     9   Next: 40%
Magic:  8/8        EV:  7    Int:  5    God:    Okawaru [***...]
Gold:   410        SH:  4    Dex: 11    Spells: 8/8 levels left

rFire   . . .        a - +0 long sword
rCold   . . .        c - +0 buckler
rNeg    . . .        s - +0 chain mail
rPois   .            (helmet restricted)
rElec   .            (no cloak)
rCorr   .            D - +0 pair of gloves
SInv    +            (no boots)
Will    .....        (no amulet) Stlth
                     d - ring of see invisible
HPRegen 0.33/turn    (no ring)
MPRegen 0.11/turn

%: no passive effects
@: no status effects
A: horns 2, retaliatory headbutt
a: Renounce Religion, Heroism


You were on level 8 of the Dungeon.
You worshipped Okawaru.
Okawaru was most pleased with you.
You visited 1 branch of the dungeon, and saw 9 of its levels.

You collected 410 gold pieces.

Inventory:

Hand Weapons
 a - a +0 long sword (weapon)
Missiles
 y - 11 boomerangs (quivered)
Armour
 b - a +0 scale mail
 c - a +0 buckler (worn)
 s - a +0 chain mail (worn)
 v - a scarf of harm
 D - a +0 pair of gloves (worn)
Jewellery
 d - a ring of see invisible (left hand)
 C - a ring of resist corrosion
Wands
 k - a wand of charming (3)
Scrolls
 e - 2 scrolls of butterflies {unknown}
 i - a scroll of torment {unknown}
 j - 2 scrolls of poison {unknown}
 l - 2 scrolls of blinking {unknown}
 m - 5 scrolls of identify {unknown}
 n - a scroll of fear {unknown}
 o - 4 scrolls of teleportation {unknown}
 p - 3 scrolls of fog {unknown}
 u - a scroll of noise {unknown}
 x - a scroll of immolation {unknown}
 z - a scroll of revelation {unknown}
 E - a scroll of brand weapon {unknown}
Potions
 f - a potion of lignification
 g - 2 potions of curing
 h - a potion of ambrosia {unknown}
 q - a potion of enlightenment {unknown}
 r - a potion of heal wounds {unknown}
 t - 2 potions of resistance {unknown}
 w - 2 potions of brilliance {unknown}
 A - a potion of cancellation {unknown}
 B - a potion of attraction {unknown}


   Skills:
 + Level 8.6 Fighting
 * Level 11.0 Long Blades
 + Level 8.5 Armour
 - Level 4.1 Shields


You had 8 spell levels left.
You didn't know any spells.
Your spell library contained the following spells:

 Spells                   Type           Power      Damage    Failure   Level
 Volatile Blastmotes      Fire/Tloc      0%         2d10      100%        3
 Fulminant Prism          Conj/Alch      0%         3d5       100%        4
 Iskenderun's Mystic Bla Conj/Tloc 0%             2d3        (+2d1     100%        4
 Leda's Liquefaction      Alch/Erth      0%         N/A       100%        4
 Passage of Golubria      Tloc           0%         N/A       100%        4
 Petrify                  Alch/Erth      0%         N/A       100%        4
 Metabolic Englaciation   Hex/Ice        0%         N/A       100%        5
 Silence                  Hex/Air        0%         N/A       100%        5
 Lehudib's Crystal Spear  Conj/Erth      0%         10d2      100%        8


Dungeon Overview and Level Annotations

Branches:
Dungeon (9/15)             Temple (0/1) D:5
   Lair: D:8-11         Orc: D:9-12

Altars:
Cheibriados
Elyvilon
Okawaru
Sif Muna
Trog
Uskayaw
Yredelemnul

Shops:
D:5 [


Innate Abilities, Weirdness & Mutations

You have a pair of horns on your head.
You reflexively headbutt those who attack you in melee.


Message History

You climb downwards.
The yak bellows! x2; You hear an angry hiss.
There is a stone staircase leading up here.
You hit the yak. You headbutt the yak!
The yak is severely wounded.
The wyvern bites you! The yak gores you! You block the yak's attack.
You slash the yak! You headbutt the yak.
You kill the yak!
Okawaru accepts your kill.
A yak comes into view.
A steam dragon comes into view.
The wyvern bites you but does no damage.
The yak gores you.
The yak bellows!
You slash the wyvern! You headbutt the wyvern!
The wyvern is severely wounded.
The wyvern barely misses you. The wyvern bites you. The yak gores you.
You hit the wyvern but do no damage.
The wyvern is severely wounded.
The wyvern bites you!
* * * LOW HITPOINT WARNING * * *
You slash the wyvern!
The wyvern is almost dead.
The yak gores you.
* * * LOW HITPOINT WARNING * * *
The wyvern bites you but does no damage.
You slash the wyvern!
You kill the wyvern!
Okawaru accepts your kill. The yak gores you but does no damage.
Your Long Blades skill increases to level 11!
It was a potion of curing.
You feel better. You block the yak's attack.
The yak gores you but does no damage. The yak gores you. x2
The steam dragon breathes steam at you. The ball of steam hits you!!
* * * LOW HITPOINT WARNING * * *
You climb upwards.
The yak barely misses you. You furiously retaliate!
You headbutt the yak. The yak closely misses you. You furiously retaliate!
You headbutt the yak. The yak gores you!
You die...

....... ....... #.#
......= ... ....... #.#
.......###+#### #.#
..!...........# #.#
........K.....# #.#
##'####YYYY...###.########
.......Y@................
......###..#####.########
...... #..# #.# ......
#..# #.# ...... #..# #.#
...... #..#####.######
..## #.............#
#............##
#..#####.#####


You could see a kobold demonologist and 5 yaks.

Vanquished Creatures
  A shadow (D:5)
  2 wyverns
  A yak (D:9)
  3 water moccasins
  2 ice beasts
  3 centaurs (D:5)
  2 phantoms (D:5)
  A kobold brigand (D:5)
  2 scorpions (D:5)
  3 wights (D:7)
  2 howler monkeys
  A bombardier beetle (D:5)
  4 hounds
  2 jellies
  2 orc priests
  4 sleepcaps
  Jessica (D:2)
  Natasha (D:3)
  2 iguanas
  4 orc wizards
  Robin (D:3)
  7 gnolls
  9 adders
  2 shadow imps
  2 white imps (D:6)
  A dart slug (D:3)
  A ribbon worm (D:2)
  18 orcs
  9 bats
  An endoplasm (D:1)
  2 giant cockroaches
  11 goblins
  8 hobgoblins
  4 jackals (D:3)
  4 quokkas
  5 ball pythons
  6 frilled lizards
  6 kobolds
  8 rats
148 creatures vanquished.

Notes
Turn   | Place    | Note
-------+----------+-------------------------------------------
     0 | D:1      | Griffin23 the Minotaur Fighter began the quest for the Orb.
     0 | D:1      | Reached XP level 1. HP: 19/19 MP: 0/0
   119 | D:1      | Reached XP level 2. HP: 27/27 MP: 1/1
   749 | D:2      | Identified the +2 dagger of the Snake Pit {speed, rN+
                  | Int+3}
   788 | D:2      | Reached skill level 3 in Long Blades
   788 | D:2      | Reached XP level 3. HP: 33/33 MP: 2/2
  1189 | D:2      | Found a faded altar of an unknown god.
  1674 | D:3      | Noticed Jessica
  1685 | D:2      | Reached XP level 4. HP: 14/41 MP: 3/3
  1857 | D:2      | Reached skill level 4 in Long Blades
  1899 | D:2      | Killed Jessica
  1900 | D:2      | Reached XP level 5. HP: 28/47 MP: 4/4
  2272 | D:3      | Noticed Natasha
  2277 | D:3      | Killed Natasha
  2377 | D:3      | Reached skill level 5 in Fighting
  2377 | D:3      | Reached skill level 5 in Long Blades
  2377 | D:3      | Reached skill level 5 in Armour
  2628 | D:3      | Noticed a black bear
  2685 | D:3      | Noticed Robin
  2743 | D:3      | Killed Robin
  2828 | D:3      | Reached XP level 6. HP: 56/56 MP: 5/5
  3450 | D:4      | Reached skill level 6 in Long Blades
  3902 | D:4      | Found an iron altar of Okawaru.
  3903 | D:4      | Found a snail-covered altar of Cheibriados.
  4094 | D:4      | Became a worshipper of Warmaster Okawaru
  4158 | D:4      | Found a hide-covered altar of Uskayaw.
  4168 | D:4      | Found a bloodstained altar of Trog.
  4168 | D:4      | Found a basalt altar of Yredelemnul.
  4440 | D:4      | Found a shimmering blue altar of Sif Muna.
  4569 | D:5      | Entered Level 5 of the Dungeon
  4584 | D:5      | Reached XP level 7. HP: 54/62 MP: 6/6
  4693 | D:5      | Reached skill level 7 in Long Blades
  4955 | D:5      | Found Vonyodd's Armour Emporium.
  4985 | D:5      | Found a staircase to the Ecumenical Temple.
  5442 | D:5      | Reached * piety under Okawaru
  5451 | D:5      | Reached skill level 8 in Long Blades
  5451 | D:5      | Reached XP level 8. HP: 71/71 MP: 7/7
  5703 | D:5      | Reached ** piety under Okawaru
  5704 | D:5      | Reached skill level 9 in Long Blades
  5949 | D:6      | Identified the +3 dagger of Gitemupi {freeze, rCorr}
  6444 | D:6      | Found a white marble altar of Elyvilon.
  6646 | D:7      | Reached skill level 10 in Long Blades
  6660 | D:7      | Reached XP level 9. HP: 72/81 MP: 8/8
  7019 | D:7      | Identified the +10 spear of Execution {spect, rF+ rN+ Int-5
                  | Dex+3}
  7308 | D:8      | Noticed a kobold demonologist
  7315 | D:9      | Reached *** piety under Okawaru
  7320 | D:9      | Reached skill level 11 in Long Blades
  7322 | D:8      | Slain by a yak

Illustrated notes

Levels and vault maps discovered:
D:1:      roderic_dead_forest, layout_basic, reono_crystal_passage
D:2:      layout_basic, ebering_ecumenical_altar_hall
D:3:      layout_loops_corners, lightli_corner_chamber, uniq_natasha,
          uniq_jessica, uniq_robin
D:4:      layout_layer_cave, lemuel_blue_sif_altar, grunt_temple_overflow_open,
          gammafunk_temple_overflow_statue
D:5:      layout_loops_ring, minmay_temple_entry_glass, serial_shops,
          nicolae_take_the_stairs, serial_glass, glass_columns_a,
          glass_columns_a, minivault_26
D:6:      cheibrodos_fzero, layout_basic, mainiacjoe_overflow_chevrons
D:7:      layout_rooms
D:8:      layout_basic, minmay_diced_spiral
D:9:      layout_layer_cave, kennysheep_mini_moat, serial_shops, shop

Skill      XL: |  1  2  3  4  5  6  7  8  9 |
---------------+----------------------------+-----
Shields        | 4 |  4.1
Fighting       | 4 5 6 7 8 |  8.6
Armour         | 4 5 6 7 8 |  8.5
Long Blades    | 3 4 5 6 8 10 11 | 11.0

Action                     |  1- 3 |  4- 6 |  7- 9 || total
---------------------------+-------+-------+-------++-------
  Melee: Long sword        |    91 |   175 |   205 ||   471
         Headbutt          |     5 |    24 |    46 ||    75
 Invoke: Heroism           |       |       |     1 ||     1
    Use: Potion            |     1 |     2 |     1 ||     4
 Armour: Scale mail        |    67 |    38 |       ||   105
         Chain mail        |       |   113 |   252 ||   365
         Skin              |       |    24 |       ||    24
  Dodge: Dodged            |    36 |    66 |    96 ||   198
  Block: Buckler           |    28 |    37 |    53 ||   118

Table legend: (Time is in decaauts)
 A = Elapsed time spent in this place.
 B = Non-inter-level travel time spent in this place.
 C = Inter-level travel time spent in this place.
 D = Time resting spent in this place.
 E = Time spent auto-exploring this place.
 F = Levels seen in this place.
 G = Mean time per level.
                   A        B        C        D        E       F      G
               +--------+--------+--------+--------+--------+-----+--------+
         Total |   7382 |   7243 |    139 |    621 |   5477 |   9 |  820.2 |
       Dungeon |   7382 |   7243 |    139 |    621 |   5477 |   9 |  820.2 |
               +--------+--------+--------+--------+--------+-----+--------+

Top non-repeatable levels by time:
     D:4: 1374 daAuts
     D:5: 1287 daAuts
     D:3: 1264 daAuts
     D:2: 1240 daAuts
     D:6: 789 daAuts
     D:1: 748 daAuts
     D:7: 626 daAuts
     D:8: 44 daAuts
     D:9: 8 daAuts
